 Dungeon Crawl Stone Soup version 0.29.1-12-g30fa7ad0bf (webtiles) character file.

Game seed: 9301884649825046792

136768 wingedge the Executioner (level 17, -8/158 HPs)
             Began as a Hill Orc Fighter on Jan 7, 2023.
             Was a High Priest of Beogh.
             Mangled by a nagaraja
             ... wielding a +0 halberd
              (13 damage)
             ... on level 4 of the Snake Pit.
             The game lasted 01:50:31 (29065 turns).

wingedge the Executioner (Hill Orc Fighter)        Turns: 29065, Time: 01:50:32

Health: -8/158     AC: 19    Str: 31    XL:     17   Next: 22%
Magic:  22/25      EV: 16    Int:  8    God:    Beogh [*****.]
Gold:   1303       SH:  5    Dex: 18    Spells: 16/16 levels left

rFire   + + .      SeeInvis +   a - +8 frozen axe "Frostbite" {freezing cloud, *Noise Fly rC+}
rCold   + + .      Faith    .   (shield currently unavailable)
rNeg    . . .      Spirit   .   r - quicksilver dragon scales
rPois   .          Reflect  +   x - +1 helmet of Springtime {rF++}
rElec   .          Harm     .   I - scarf {repulsion}
rCorr   .          Rampage  +   l - +0 pair of gloves {infuse}
Will    ++...                   h - +0 pair of boots {rampage}
Stlth   +.........              Y - amulet "Jamonymmycaz" {Reflect rC+ SH+5 SInv}
HPRegen 0.36/turn               p - +6 ring of strength
MPRegen 0.19/turn               k - +6 ring of dexterity

@: lethally poisoned (-8 -> -23), flying, hasted, repel missiles, very quick
A: walk on water
a: Renounce Religion, Smiting, Recall Orcish Followers, Give Item to Named
Follower


You were on level 4 of the Snake Pit.
You worshipped Beogh.
Beogh was extremely pleased with you.
You visited 5 branches of the dungeon, and saw 27 of its levels.
You also visited: Bailey, Gauntlet and Ice Cave.

You collected 3115 gold pieces.
You spent 1812 gold pieces at shops.

Inventory:

Hand Weapons
 a - the +8 frozen axe "Frostbite" (weapon) {freezing cloud, *Noise Fly rC+}
   (You bought it in a shop on level 8 of the Dungeon)

   It freezes those it strikes, dealing additional cold damage.
   It can also slow down cold-blooded creatures.
   It occasionally leaves clouds of freezing vapour upon striking a foe.
   It grants immunity to clouds of freezing vapour.
   rC:        It protects you from cold.
   Fly:       It grants you flight.
   *Noise:    It may make noises in combat.
 f - the +9 flail "Xunu" {vorpal, rElec Int+4}
   (You took it off a minotaur in a Gauntlet)

   It inflicts extra damage upon your enemies.
   Int:       It affects your intelligence (+4).
   rElec:     It insulates you from electricity.
 z - a +2 war axe of flaming
 D - a +2 longbow of freezing
 S - a +2 battleaxe
 U - a +4 vorpal battleaxe
 X - a +1 battleaxe of freezing
Missiles
 u - 12 boomerangs
 y - 3 boomerangs of dispersal
 F - 2 throwing nets (quivered)
 P - 3 silver javelins
Armour
 h - a +0 pair of boots of rampaging (worn)
 l - a +0 pair of gloves of infusion (worn)
 q - the +7 ring mail of Integrity {Harm}
   (You found it on level 2 of the Dungeon)

   Harm:      It increases damage dealt and taken.
 r - quicksilver dragon scales (worn)
 x - the +1 helmet of Springtime (worn) {rF++}
   (You found it on level 4 of the Dungeon)

   rF:        It greatly protects you from fire.
 I - a scarf of repulsion (worn)
 N - +0 swamp dragon scales
Jewellery
 c - a ring of protection from cold
 k - a +6 ring of dexterity (right hand)
 p - a +6 ring of strength (left hand)
 Q - a ring of resist corrosion
 W - a ring of positive energy
 Y - the amulet "Jamonymmycaz" (around neck) {Reflect rC+ SH+5 SInv}
   (You bought it in a shop on level 2 of the Orcish Mines)

   [amulet of reflection]

   It reflects blocked missile attacks.
   rC:        It protects you from cold.
   SInv:      It lets you see invisible.
   SH:        It affects your SH (+5).
Wands
 g - a wand of roots (34)
 s - a wand of acid (2)
 C - a wand of flame (5)
 J - a wand of polymorph (7)
 L - a wand of charming (29)
 V - a wand of digging (10)
Scrolls
 i - 6 scrolls of fear
 j - 16 scrolls of teleportation
 m - 6 scrolls of immolation
 v - 4 scrolls of enchant armour
 B - 3 scrolls of blinking
 E - 5 scrolls of enchant weapon
 G - 3 scrolls of fog
 H - 3 scrolls of silence
 K - 3 scrolls of magic mapping
 R - 3 scrolls of brand weapon
Potions
 d - 5 potions of might
 o - 7 potions of mutation
 t - 3 potions of cancellation
 w - 4 potions of invisibility
 A - 16 potions of curing
 M - a potion of berserk rage {unknown}
 Z - a potion of resistance
Miscellaneous
 b - a phantom mirror
 e - a tin of tremorstones (inert)


   Skills:
 + Level 16.2 Fighting
 - Level 24.0 Axes
 - Level 7.0 Throwing
 - Level 12.0 Armour
 + Level 7.8 Dodging
 - Level 3.2 Shields
 + Level 11.3 Invocations
 - Level 8.0 Evocations


You had 16 spell levels left.
You didn't know any spells.
Your spell library contained the following spells:

 Spells                   Type           Power      Damage    Failure   Level
 Beastly Appendage        Tmut           0%         N/A       50%         1
 Freeze                   Ice            0%         1d3       50%         1
 Slow                     Hex            0%         N/A       50%         1
 Static Discharge         Conj/Air       0%         3-3/arc   63%         2
 Confusing Touch          Hex            0%         N/A       86%         3
 Gell's Gravitas          Tloc           0%         N/A       86%         3
 Lesser Beckoning         Tloc           0%         N/A       86%         3
 Mephitic Cloud           Conj/Pois/Air  0%         N/A       86%         3
 Ozocubu's Armour         Ice            0%         N/A       86%         3
 Teleport Other           Tloc           0%         N/A       86%         3
 Vampiric Draining        Necr           0%         2d6       86%         3
 Dispel Undead            Necr           0%         3d6       99%         4
 Hailstorm                Conj/Ice       0%         3d3       99%         4
 Ice Form                 Ice/Tmut       0%         N/A       99%         4
 Olgreb's Toxic Radiance  Pois           0%         N/A       99%         4
 Petrify                  Tmut/Erth      0%         N/A       99%         4
 Sticky Flame             Conj/Fire      0%         2d3       99%         4
 Freezing Cloud           Conj/Ice/Air   0%         6-21      100%        5
 Iskenderun's Battlesphe  Conj           0%         2d6       100%        5
 Dispersal                Tloc           0%         N/A       100%        6
 Eringya's Noxious Bog    Tmut/Pois      0%         N/A       100%        6
 Iron Shot                Conj/Erth      0%         9d1       100%        6
 Simulacrum               Ice/Necr       0%         N/A       100%        6
 Ozocubu's Refrigeration  Ice            0%         4d7       100%        7
 Spellforged Servitor     Conj/Summ      0%         N/A       100%        7
 Ignition                 Fire           0%         3d3       100%        8


Dungeon Overview and Level Annotations

Branches:
Dungeon (15/15)            Temple (1/1) D:5            Lair (5/5) D:11
 Shoals (0/4) Lair:2        Snake (4/4) Lair:3        Slime (0/5) Lair:4
    Orc (2/2) D:9             Elf (0/3) Orc:2        Vaults (0/5) D:14
 Depths (0/4) D:15         Bailey (visited)           IceCv (visited)
Gauntlet (visited)

Altars:
Ashenzari
Cheibriados
Dithmenos
Elyvilon
Fedhas
Gozag
Hepliaklqana
Kikubaaqudgha
Makhleb
Nemelex Xobeh
Okawaru
Qazlal
Ru
Sif Muna
Trog
Uskayaw
Vehumet
Wu Jian
Xom
Yredelemnul
Zin
The Shining One
Ignis
Jiyva

Shops:
D:5 *?([!   D:6 **   D:8 (   Orc:2 [[[=   Snake:2 ?

Annotations:
Snake:4 1 runed translucent door, retardedninja's ghost, adept HOFi


Message History

The nagaraja shouts!
You hear a shout!
The salamander hits you with a +0 halberd!!
You are engulfed in flames.
You resist.
The naga sharpshooter mumbles some strange words.
The naga sharpshooter magically shoots a bolt.
The bolt barely misses you. You block the nagaraja's attack.
A black mamba comes into view.
The naga sharpshooter mumbles some strange words.
The naga sharpshooter magically shoots a bolt.
The bolt hits you!
* * * LOW HITPOINT WARNING * * *
The naga sharpshooter mumbles some strange words.
The naga sharpshooter magically shoots a bolt.
The bolt hits you but does no damage.
The nagaraja casts a spell.
The nagaraja seems to speed up.
The naga spits poison at you.
The splash of poison is repelled.
You hear a shout!
Unknown command.
Unknown command.
You feel very sick.
You hear a shout!
The salamander hits you from afar with a +0 halberd!!
* * * LOW HITPOINT WARNING * * *
You are engulfed in flames.
You resist.
* * * LOW HITPOINT WARNING * * *
The nagaraja spits poison at you. The splash of poison hits you.
You are lethally poisoned!
* * * LOW HITPOINT WARNING * * *
The naga sharpshooter mumbles some strange words.
The naga sharpshooter magically shoots a bolt.
The bolt misses you.
Bogbrand misses the nagaraja.
You feel yourself speed up.
* * * LOW HITPOINT WARNING * * *
You feel very sick. The salamander barely misses you.
The nagaraja hits you with a +0 halberd!
You die...

*,,..* #[####### #.#.# *,..**
#...# #.#)# *#.#*##*
###.#########.#..
#.,,..####**###.............#
*,,,,.....,##...######....###
****###...##...#### ######..
*****#.......§§§...#*** #..
***,,,,#.....§§§o§...#,,*** #..
**,,,,,,#.....§§@oo...#,,,,* #..
*,,,,,,,#....#§§§N.#..#,,,,** #..
*,,,,,,,#.....§N§§....#*,,,,* ###
*,,,,,,,##..#.....N..##,,,,,*
,,,,,,*,,##....⌠..N###,,,,,,** ##
,,,,,,,,,,#NNN......#,,,,,,,,*##.
,,,,,,,,*.N..#N.....NN*,,,,,,*#..
,,,,,,,,...........NNN.,,,,,,*###
,,*,,,,,...........#..S,,,*,,*#..


You could see a nagaraja (strong, catching breath, ally target), a salamander
(strong), a naga (strong), the friendly Bogbrand the orc warlord (strong), the
friendly Hawl the orc warlord (strong) and the friendly Wargrak the orc knight
(strong).

Vanquished Creatures
  Vashnia (Snake:4)
  Rupert (Snake:1)
  Jorgrun (D:12)
  Kirke (Snake:4)
  A fire giant (D:15)
  2 orc warlords
  A reaper (IceCv)
  A minotaur (Gauntlet)
  Josephine (D:10)
  A vault guard (D:14)
  2 boulder beetles
  3 hydras
  2 caustic shrike simulacra (IceCv)
  An ogre mage (Orc:2)
  2 anacondas
  A centaur warrior (D:11)
  11 two-headed ogres
  5 death yaks
  2 naga warriors
  9 naga sharpshooters
  2 shock serpents (Snake:3)
  2 salamander mystics
  2 naga ritualists (Snake:2)
  2 bog bodies (IceCv)
  2 spriggan simulacra (IceCv)
  4 lindwurms
  2 obsidian statues (IceCv)
  5 mana vipers
  2 ugly things
  A deep elf pyromancer (D:14)
  An oklob plant (Lair:4)
  A wolf spider (Lair:5)
  6 salamanders
  4 cyclopes
  4 manticores
  A worldbinder (Gauntlet)
  3 elephants (Lair:4)
  4 naga magi
  A guardian serpent (Snake:3)
  19 black mambas
  An ice statue (Snake:4)
  11 cane toads
  Maggie (D:6)
  A rime drake (shapeshifter) (D:14)
  A rime drake (Lair:2)
  A yaktaur (D:15)
  2 torpor snails
  A kobold demonologist (D:6)
  6 komodo dragons
  5 freezing wraiths (IceCv)
  5 golden dragon simulacra (IceCv)
  A troll (shapeshifter) (D:15)
  2 polar bears (Lair:1)
  5 trolls
  3 hornets
  6 blink frogs
  6 slime creatures
  A wind drake (Lair:2)
  Sigmund (D:5)
  3 shadows
  A spriggan (Lair:5)
  9 wraiths
  8 wyverns
  34 yaks
  2 humans (D:10)
  A vampire (D:13)
  A redback (Lair:5)
  2 minotaur simulacra (IceCv)
  A steam dragon (D:8)
  6 vampire mosquitoes
  A basilisk (Lair:3)
  Menkaure (D:6)
  5 wargs (Orc:1)
  6 acid dragons
  14 nagas
  2 hydra simulacra (IceCv)
  10 water moccasins
  6 orc warriors
  9 black bears
  2 ettin simulacra (IceCv)
  An ice beast (D:6)
  13 ogres
  10 wolves
  3 centaurs
  2 boggarts
  2 phantoms
  A kobold brigand (D:6)
  2 necrophages
  18 bullfrogs
  3 scorpions
  A gnoll sergeant (D:9)
  7 wights
  A troll zombie (D:9)
  11 killer bees
  2 electric eels (Snake:1)
  2 howler monkeys (D:8)
  3 jellies
  6 hounds
  4 orc priests
  A gnoll bouda (D:8)
  Jessica (D:3)
  4 iguanas
  8 orc wizards
  2 hell rats (Lair:5)
  A statue (D:3)
  4 ogre zombies (D:9)
  22 gnolls
  7 adders
  A worm (D:4)
  2 dart slugs
  24 orcs
  7 endoplasms
  2 giant cockroaches (D:3)
  15 goblins
  12 hobgoblins
  10 jackals
  3 quokkas
  6 ball pythons
  4 bats
  3 frilled lizards
  5 goblin zombies (D:9)
  A hobgoblin skeleton (D:9)
  A hobgoblin zombie (D:9)
  14 kobolds
  An orc skeleton (D:9)
  5 orc zombies (D:9)
  6 rats
  2 plants (Lair:5)
567 creatures vanquished.

Vanquished Creatures (collateral kills)
  Donald (Snake:1)
  A nagaraja (Snake:4)
  Aizul (Snake:2)
  A reaper (IceCv)
  A salamander tyrant (Snake:3)
  2 hydras
  A centaur warrior (D:15)
  3 ogre magi (Orc:2)
  3 anacondas
  A catoblepas (Lair:5)
  9 two-headed ogres (Orc:2)
  3 death yaks (Lair:4)
  A naga warrior (Snake:2)
  A shock serpent (Snake:3)
  3 naga sharpshooters
  Lodul (D:10)
  3 naga ritualists
  A deep elf pyromancer (D:12)
  An orc sorcerer (Orc:2)
  A mana viper (Snake:2)
  A cyclops (D:12)
  3 ugly things (D:15)
  2 oklob plants
  2 manticores
  2 elephants
  4 salamanders
  2 guardian serpents
  19 black mambas
  2 naga magi (Snake:1)
  6 cane toads
  2 gargoyles (D:12)
  A rime drake (Lair:5)
  8 komodo dragons
  2 tengu conjurers (D:13)
  A troll (Orc:2)
  3 hornets
  5 blink frogs
  2 slime creatures (D:12)
  15 yaks
  3 wraiths
  3 wyverns
  A basilisk (Lair:5)
  A redback (Lair:5)
  A vampire mosquito (D:12)
  A warg (Orc:2)
  18 nagas
  11 water moccasins
  10 orc warriors
  3 boggarts (D:15)
  10 wolves
  23 ogres
  2 centaurs
  5 bullfrogs
  3 wights (D:10)
  A troll zombie (D:9)
  2 killer bees (D:9)
  5 orc priests
  2 hell rats (Lair:5)
  6 orc wizards
  2 gnolls
  18 orcs
  A goblin (Bailey)
  2 goblin zombies (D:9)
  A hobgoblin skeleton (D:9)
  A hobgoblin zombie (D:9)
  2 orc zombies (D:9)
  A bush (Lair:2)
  A butterfly (Lair:4)
261 creatures vanquished.

Vanquished Creatures (others)
  An orc warlord (D:12)
  5 orc knights
  An orc sorcerer (D:15)
  2 humans (Snake:4)
  15 orc warriors
  5 orc priests
  10 orc wizards
  37 orcs
  38 fungi
  121 plants
235 creatures vanquished.

Grand Total: 1063 creatures vanquished

Notes
Turn   | Place    | Note
-------+----------+-------------------------------------------
     0 | D:1      | wingedge the Hill Orc Fighter began the quest for the Orb.
     0 | D:1      | Reached XP level 1. HP: 19/19 MP: 1/1
   154 | D:1      | Reached skill level 3 in Axes
   177 | D:1      | Reached XP level 2. HP: 24/27 MP: 2/2
   755 | D:1      | Found a faded altar of an unknown god.
  1215 | D:2      | Reached skill level 4 in Axes
  1215 | D:2      | Reached XP level 3. HP: 31/33 MP: 3/3
  1549 | D:2      | Identified the +7 ring mail of Integrity {Harm}
  1769 | D:2      | Identified the +0 robe of Hunn {rPois rC+ Int+3}
  2103 | D:3      | Reached skill level 5 in Axes
  2119 | D:3      | Reached XP level 4. HP: 40/40 MP: 4/4
  2219 | D:3      | Noticed Jessica
  2224 | D:3      | Killed Jessica
  2225 | D:3      | Reached skill level 5 in Fighting
  2630 | D:3      | Found a radiant altar of Vehumet.
  2630 | D:3      | Noticed a frost-covered statue
  2644 | D:3      | Killed a frost-covered statue
  2645 | D:3      | Reached XP level 5. HP: 40/48 MP: 5/5
  2988 | D:4      | Reached XP level 6. HP: 56/60 MP: 6/6
  3552 | D:4      | Found a blossoming altar of Fedhas.
  3661 | D:4      | Identified the +1 helmet of Springtime {rF++}
  3668 | D:4      | Found a white marble altar of Elyvilon.
  3710 | D:5      | Entered Level 5 of the Dungeon
  3710 | D:5      | Found Pakhoipn's Magic Scroll Emporium.
  3717 | D:5      | Reached XP level 7. HP: 48/68 MP: 7/7
  3820 | D:5      | Bought a scroll of identify for 24 gold pieces
  3820 | D:5      | Bought a scroll of identify for 24 gold pieces
  3820 | D:5      | Bought a scroll of blinking for 90 gold pieces
  3828 | D:5      | Found Inteps's Armour Emporium.
  3860 | D:5      | Reached skill level 6 in Axes
  3887 | D:5      | Found Labiuma's Weapon Emporium.
  3890 | D:5      | Bought a +0 broad axe of freezing for 110 gold pieces
  3903 | D:5      | Found Zeyg's Assorted Antiques.
  4003 | D:5      | Became a worshipper of Beogh the Brigand
  4121 | D:5      | Got the Omnibus of Frozen Pollution
  4296 | D:5      | Found a staircase to the Ecumenical Temple.
  4319 | Temple   | Entered the Ecumenical Temple
  4386 | D:5      | Reached skill level 7 in Axes
  4426 | D:5      | Noticed Sigmund
  4434 | D:5      | Killed Sigmund
  4435 | D:5      | Reached skill level 8 in Axes
  4746 | D:5      | Found Fuecaus's Distillery.
  4749 | D:5      | Bought a potion of curing for 33 gold pieces
  4816 | D:6      | Noticed a yak
  4816 | D:6      | Noticed a yak
  4817 | D:6      | Noticed a yak
  4817 | D:6      | Noticed a yak
  4825 | D:6      | Killed a yak
  4826 | D:6      | Reached XP level 8. HP: 74/74 MP: 9/11
  4829 | D:6      | Killed a yak
  4830 | D:6      | Reached skill level 5 in Invocations
  4834 | D:6      | Killed a yak
  4835 | D:6      | Reached skill level 9 in Axes
  4842 | D:6      | Killed a yak
  4843 | D:6      | Reached skill level 10 in Axes
  5032 | D:6      | Found a sacrificial altar of Ru.
  5103 | D:6      | Found a bloodstained altar of Trog.
  5337 | D:6      | Noticed a manticore
  5346 | D:6      | Noticed a kobold demonologist
  5351 | D:6      | Reached skill level 11 in Axes
  5351 | D:6      | Reached XP level 9. HP: 68/82 MP: 12/12
  5466 | D:6      | Found Araguq's Specific Store.
  5473 | D:6      | Found Zaonus's General Store.
  5476 | D:6      | Bought a potion of degeneration for 13 gold pieces
  5578 | D:6      | Noticed Menkaure
  5582 | D:6      | Found a glowing silver altar of Zin.
  5583 | D:6      | Killed Menkaure
  5584 | D:6      | Reached skill level 12 in Axes
  5604 | D:6      | Reached * piety under Beogh
  5632 | D:6      | Noticed Maggie
  5653 | D:6      | Killed Maggie
  5654 | D:6      | Reached skill level 13 in Axes
  5744 | D:6      | Noticed an orange demon
  5750 | D:6      | Killed a kobold demonologist
  5751 | D:6      | Reached skill level 14 in Axes
  6197 | D:6      | Reached XP level 10. HP: 88/91 MP: 13/13
  6591 | D:7      | Reached skill level 15 in Axes
  6632 | D:7      | Reached skill level 1 in Throwing
  6663 | D:7      | Reached skill level 1 in Dodging
  6668 | D:7      | Reached ** piety under Beogh
  6837 | D:7      | Found a sparkling altar of Nemelex Xobeh.
  7016 | D:8      | Found Bipnimerchu's Weapon Shoppe.
  7287 | D:8      | Found a stormy altar of Qazlal.
  7653 | D:9      | Reached skill level 16 in Axes
  7653 | D:9      | Reached skill level 5 in Armour
  7656 | D:9      | Reached XP level 11. HP: 86/99 MP: 13/15
  7680 | D:9      | Found a flagged portal.
  7688 | Bailey   | Entered a bailey
  7706 | Bailey   | Reached *** piety under Beogh
  7760 | Bailey   | Noticed an orc knight
  7788 | Bailey   | Reached skill level 10 in Fighting
  8191 | Bailey   | Noticed an orc warlord
  8200 | Bailey   | Killed an orc warlord
  8439 | D:9      | Found a staircase to the Orcish Mines.
  8445 | D:9      | Reached **** piety under Beogh
  8464 | D:9      | Gained Morguth as an ally
  8764 | D:9      | Gained Hawl as an ally
  8918 | Orc:1    | Entered Level 1 of the Orcish Mines
  9204 | Orc:1    | Noticed an orc warlord
  9215 | Orc:1    | Reached ***** piety under Beogh
  9217 | Orc:1    | Killed an orc warlord
  9218 | Orc:1    | Reached skill level 17 in Axes
  9447 | Orc:2    | Entered Level 2 of the Orcish Mines
  9447 | Orc:2    | Noticed an orc warlord
  9889 | Orc:2    | Found a staircase to the Elven Halls.
  9942 | Orc:2    | Killed a two-headed ogre
  9945 | Orc:2    | Noticed a two-headed ogre
  9946 | Orc:2    | Noticed an ogre mage
  9946 | Orc:2    | Killed a two-headed ogre
  9946 | Orc:2    | Gained Blodwig as an ally
  9946 | Orc:2    | Noticed a two-headed ogre
  9949 | Orc:2    | Killed an ogre mage
  9949 | Orc:2    | Your ally Morguth died
  9950 | Orc:2    | Reached XP level 12. HP: 110/110 MP: 10/17
  9950 | Orc:2    | Noticed a two-headed ogre
  9954 | Orc:2    | Killed a two-headed ogre
  9954 | Orc:2    | Noticed a two-headed ogre
  9958 | Orc:2    | Killed a two-headed ogre
  9960 | Orc:2    | Killed a two-headed ogre
  9962 | Orc:2    | Found Byica's Armour Boutique.
  9962 | Orc:2    | Found Unant's Jewellery Emporium.
  9962 | Orc:2    | Found Bohaix's Armour Shoppe.
  9962 | Orc:2    | Found Hoyma's Armour Boutique.
  9966 | Orc:2    | Noticed a two-headed ogre
  9966 | Orc:2    | Noticed an ogre mage
  9966 | Orc:2    | Noticed a two-headed ogre
  9967 | Orc:2    | Your ally Blodwig died
  9970 | Orc:2    | Gained Bogbrand as an ally
  9970 | Orc:2    | Killed a two-headed ogre
  9971 | Orc:2    | Noticed an ogre mage
  9971 | Orc:2    | Noticed a two-headed ogre
  9974 | Orc:2    | Killed an ogre mage
  9975 | Orc:2    | Reached skill level 18 in Axes
  9975 | Orc:2    | Killed a two-headed ogre
  9976 | Orc:2    | Killed an ogre mage
  9979 | Orc:2    | Killed a two-headed ogre
  9982 | Orc:2    | Noticed a two-headed ogre
  9986 | Orc:2    | Noticed a two-headed ogre
  9987 | Orc:2    | Killed a two-headed ogre
  9995 | Orc:2    | Killed a two-headed ogre
 10015 | Orc:2    | Noticed a two-headed ogre
 10020 | Orc:2    | Noticed a two-headed ogre
 10024 | Orc:2    | Killed a two-headed ogre
 10024 | Orc:2    | Noticed a two-headed ogre
 10028 | Orc:2    | Killed a two-headed ogre
 10030 | Orc:2    | Killed a two-headed ogre
 10031 | Orc:2    | Noticed an ogre mage
 10034 | Orc:2    | Killed an ogre mage
 10035 | Orc:2    | Reached skill level 19 in Axes
 10037 | Orc:2    | Noticed a two-headed ogre
 10037 | Orc:2    | Noticed a two-headed ogre
 10039 | Orc:2    | Killed a two-headed ogre
 10041 | Orc:2    | Killed a two-headed ogre
 10172 | Orc:2    | Noticed a two-headed ogre
 10177 | Orc:2    | Killed a two-headed ogre
 10453 | D:8      | Bought the +8 frozen axe "Frostbite" {freezing cloud,
                  | *Noise Fly rC+} for 988 gold pieces
 10453 | D:8      | Found the +8 frozen axe "Frostbite" {freezing cloud, *Noise
                  | Fly rC+}
 10479 | D:9      | Reached skill level 20 in Axes
 10479 | D:9      | Reached XP level 13. HP: 119/119 MP: 19/19
 10482 | D:10     | Entered Level 10 of the Dungeon
 10557 | D:10     | Noticed Lodul
 10563 | D:10     | Killed Lodul
 10565 | D:10     | Reached skill level 5 in Throwing
 10773 | Orc:2    | Bought the amulet "Jamonymmycaz" {Reflect rC+ SH+5 SInv}
                  | for 530 gold pieces
 10972 | D:10     | Found an iron altar of Okawaru.
 10992 | D:10     | Noticed Josephine
 10995 | D:10     | Reached XP level 14. HP: 118/127 MP: 20/20
 11002 | D:10     | Killed Josephine
 11540 | D:10     | Found a hide-covered altar of Uskayaw.
 11592 | D:11     | Found a stormy altar of Qazlal.
 11856 | D:11     | Gained Hawl as an ally
 11984 | D:11     | Reached ****** piety under Beogh
 12031 | D:11     | Found a staircase to the Lair.
 12271 | D:12     | Noticed Jorgrun
 12273 | D:12     | Reached skill level 21 in Axes
 12281 | D:12     | Killed Jorgrun
 12360 | D:12     | Reached skill level 5 in Dodging
 13260 | D:12     | Your ally Bogbrand died
 13266 | D:12     | Your ally Hawl died
 13676 | Lair:1   | Entered Level 1 of the Lair of Beasts
 13841 | Lair:1   | Gained Wargrak as an ally
 13964 | Lair:1   | Reached skill level 1 in Evocations
 14755 | Lair:2   | Found a staircase to the Shoals.
 14938 | Lair:2   | Reached skill level 10 in Armour
 16177 | Lair:3   | Reached XP level 15. HP: 133/137 MP: 21/21
 16250 | Lair:3   | Found a staircase to the Snake Pit.
 16487 | Lair:3   | Identified the +5 quarterstaff "Eranop Vaol" {holy, Dex+6}
 16586 | Lair:3   | Reached skill level 22 in Axes
 16769 | Lair:3   | Identified a scroll of acquirement
 16770 | Lair:3   | Acquired the +8 executioner's axe "Zusyuch" {elec, Str+3}
 17722 | Lair:4   | Found a staircase to the Slime Pits.
 17723 | Lair:4   | Found a viscous altar of Jiyva.
 18195 | Lair:5   | Entered Level 5 of the Lair of Beasts
 18285 | Lair:5   | Reached skill level 10 in Invocations
 18545 | Lair:5   | Your ally Wargrak died
 20401 | D:13     | Found a glowing golden altar of the Shining One.
 21232 | D:14     | Found a gate to the Vaults.
 21405 | D:15     | Entered Level 15 of the Dungeon
 21424 | D:15     | Found a staircase to the Depths.
 21424 | D:15     | Noticed a fire giant
 21430 | D:15     | Killed a fire giant
 21441 | D:15     | Reached XP level 16. HP: 100/147 MP: 23/23
 21460 | D:15     | Found a gate leading to a gauntlet.
 21468 | Gauntlet | Entered a Gauntlet
 21468 | Gauntlet | Found a transporter.
 21605 | Gauntlet | Found a transporter.
 21605 | Gauntlet | Found a transporter.
 21612 | Gauntlet | Reached skill level 15 in Fighting
 21619 | Gauntlet | Found a transporter.
 21631 | Gauntlet | Found a transporter.
 21633 | Gauntlet | Identified the +9 flail "Xunu" {vorpal, rElec Int+4}
 21739 | Gauntlet | Got the Omnibus of Permutations
 21770 | Gauntlet | Found a transporter.
 22482 | Snake:1  | Entered Level 1 of the Snake Pit
 22498 | Snake:1  | Noticed Rupert
 22504 | Snake:1  | Reached skill level 23 in Axes
 22504 | Snake:1  | Reached skill level 5 in Evocations
 22508 | Snake:1  | Killed Rupert
 23336 | Snake:1  | Identified the +0 kite shield "Uniuly" {Rampage rCorr Int+4
                  | Stlth-}
 23336 | Snake:1  | Noticed Donald
 23343 | Snake:1  | Killed Donald
 23887 | Snake:2  | Noticed Aizul
 23893 | Snake:2  | Killed Aizul
 24360 | Snake:2  | Found Erutak's Magic Scroll Shoppe.
 27380 | Snake:4  | Entered Level 4 of the Snake Pit
 27384 | Snake:4  | Noticed Vashnia
 27392 | Snake:4  | Killed Vashnia
 27393 | Snake:4  | Killed a nagaraja
 27492 | Snake:4  | Noticed Kirke
 27504 | Snake:4  | Killed Kirke
 27547 | Snake:4  | Found a frozen archway.
 27561 | IceCv    | Entered an ice cave
 27602 | IceCv    | Reached XP level 17. HP: 84/157 MP: 13/24
 27616 | IceCv    | Reached skill level 24 in Axes
 28174 | IceCv    | Gained Judas as an ally
 28174 | IceCv    | Gained Hilgar as an ally
 28576 | IceCv    | Your ally Judas died
 28586 | IceCv    | Your ally Hilgar died
 28884 | Snake:4  | Found a runed translucent door.
 28884 | Snake:4  | Noticed retardedninja's ghost (adept HOFi)
 28895 | Snake:4  | Found a transporter.
 28899 | Snake:4  | Found a transporter.
 28909 | Snake:4  | Found a transporter.
 28962 | Snake:4  | Found a transporter.
 28968 | Snake:4  | Found a transporter.
 28979 | Snake:4  | Found a transporter.
 29065 | Snake:4  | HP: 5/158 [poisoned by a nagaraja (splash of poison)]
 29065 | Snake:4  | Mangled by a nagaraja

Illustrated notes

Levels and vault maps discovered:
D:1:      saegor_arrival_fortress, layout_basic,
          dreamdust_ecumenical_altar_hidden_monk_grotto, minmay_split_cup_small
D:2:      layout_basic
D:3:      layout_basic, vehumet_statue, uniq_jessica
D:4:      layout_layer_cave, fedhas_altar_4, kennysheep_little_box
D:5:      layout_loops_cross, minmay_temple_entry_offerings, serial_shops,
          nicolae_stop_n_shop_1, shop, kennysheep_mini, nicolae_diamond_shop,
          nicolae_stop_n_shop_2, guppyfry_early_orc_mine, uniq_sigmund
D:6:      cheibrodos_fzero, layout_layer_cave, mainiacjoe_overflow_paths,
          trog_book, mainiacjoe_overflow_six_doors_small,
          nicolae_specific_store, uniq_menkaure, uniq_maggie
D:7:      layout_rooms, amcnicky_altar_gilded
D:8:      layout_basic, general_overflow_altar, serial_shops,
          nicolae_shop_bloodbath_and_beyond
D:9:      layout_roguey, zombieorc1_lemuel, special_room [special_room_orc],
          enter_bailey_2
D:10:     layout_long_grid, mainiacjoe_overflow_alcove_4, okawaru_humans,
          uniq_josephine, uniq_lodul
D:11:     layout_loops_ring, lair_entry_dummy, nicolae_qazlal_scattered_showers
D:12:     layout_rooms, kennysheep_another_room, drop_trap, uniq_jorgrun
D:13:     layout_basic, nicolae_tso_swordbearing_angel
D:14:     layout_cave_pods, david_vaults_4, dreamdust_wishing_well
D:15:     grunt_enter_depths_giant_problem, layout_basic,
          gauntlet_entry_generic, minivault_25
Temple:   pdpol_scorched_temple
Lair:1:   layout_regular_city, minivault_25, beast_lair_carwin_5
Lair:2:   cheibrodos_lair_overgrown_chateau, layout_cave_pods,
          minmay_shoals_entry_beasts, beast_lair_carwin_3
Lair:3:   nzn_winding_woodlands_small [nzn_winding_woodlands_5x15_zeroes,
          nzn_winding_woodlands_center_pierced_h,
          nzn_winding_woodlands_5x15_lazy_stream], layout_chaotic_city,
          guppyfry_snake_entry_garden
Lair:4:   layout_regular_city, minmay_slime_entry_oklob_open,
          lemuel_fruit_fields
Lair:5:   hangedman_lair_tendril_chambers, layout_gridlike,
          grunt_forest_large_clearing_hut
Snake:1:  layout_cave_shapes, serial_bayou_shore_a, uniq_donald, uniq_rupert
Snake:2:  layout_chambers, serial_shops, nicolae_square_shop, uniq_aizul
Snake:3:  layout_layer_cave
Snake:4:  snake_pit, layout_rooms, portal_ice_cave_entry_ice_statue_one,
          ebering_ghost_inner_flame, serial_nicolae_subway,
          nicolae_sub_station_metal, nicolae_sub_station_stone,
          nicolae_sub_station_crystal, uniq_kirke, uniq_vashnia
Orc:1:    layout_diamond_mine, nicolae_orc_bridge_out
Orc:2:    st_orc_ogre_mass, layout_caves

Skill      XL: |  1  2  3  4  5  6  7  8  9 10 11 12 13 14 15 16 17 |
---------------+----------------------------------------------------+-----
Fighting       | 4 5 7 8 9 11 12 13 14 15 16 | 16.2
Axes           | 3 4 5 8 11 14 16 17 20 21 22 23 24 | 24.0
Invocations    | 4 5 7 8 10 11 | 11.3
Throwing       | 2 4 5 6 7 |  7.0
Dodging        | 2 3 4 5 6 7 |  7.8
Armour         | 5 6 8 10 11 12 | 12.0
Evocations     | 2 4 7 8 |  8.0
Shields        | |  3.2

Action                   |  1- 3 |  4- 6 |  7- 9 | 10-12 | 13-15 | 16-18 || total
-------------------------+-------+-------+-------+-------+-------+-------++-------
Melee: War axe           |    90 |   117 |     6 |     1 |    11 |       ||   225
       Broad axe         |       |       |   142 |   101 |       |       ||   243
       Battleaxe         |       |       |       |   230 |       |       ||   230
       Executioner's axe |       |       |       |       |   368 |   257 ||   625
Throw: Boomerang         |       |     3 |       |       |     7 |     8 ||    18
       Throwing net      |       |       |     4 |     2 |       |     2 ||     8
Invok: Convert to Beogh  |       |       |     1 |       |       |       ||     1
       Smiting           |       |       |       |     2 |     1 |     9 ||    12
       Give Item to Name |       |       |       |     1 |     3 |       ||     4
       Recall Orcish Fol |       |       |       |       |     7 |     9 ||    16
       Resurrection      |       |       |       |       |     2 |       ||     2
Evoke: Wand              |       |       |     2 |     5 |       |     3 ||    10
       Phantom mirror    |       |       |       |       |       |     2 ||     2
       Tin of tremorston |       |       |       |       |       |     2 ||     2
  Use: Scroll            |       |     4 |     7 |     4 |    11 |     8 ||    34
       Potion            |       |       |       |     6 |     1 |     4 ||    11
 Stab: Distracted        |       |       |     1 |     1 |     4 |     3 ||     9
       Held in net/web   |       |       |     2 |       |       |       ||     2
Armor: Scale mail        |    34 |       |       |       |       |       ||    34
       Ring mail         |     6 |    52 |    75 |   108 |    19 |       ||   260
       Swamp dragon scal |       |       |       |       |    65 |    60 ||   125
       Quicksilver drago |       |       |       |       |       |    18 ||    18
Dodge: Dodged            |    46 |    67 |    60 |   184 |   195 |   161 ||   713
       Repelled          |       |       |       |       |     6 |    20 ||    26
Block: Buckler           |    29 |    26 |    24 |    24 |       |       ||   103
       Other             |       |       |       |       |    62 |    44 ||   106
       Reflection        |       |       |       |       |     1 |     8 ||     9
